 Dungeon Crawl Stone Soup version 0.29-a0-25-g7f48f510a0 (webtiles) character file.

Game seed: 14078394896780879163

228 vineage the Skirmisher (level 6, -2/40 HPs)
             Began as a Gargoyle Fighter on Jan 31, 2022.
             Slain by a hornet zombie (10 damage)
             ... on level 4 of the Dungeon.
             The game lasted 00:02:42 (2946 turns).

vineage the Skirmisher (Gargoyle Fighter)           Turns: 2946, Time: 00:02:43

Health: -2/40      AC: 16    Str: 19    XL:     6   Next: 2%
Magic:  6/6        EV:  9    Int:  9    God:
Gold:   100        SH:  4    Dex: 11    Spells: 5/5 levels left

rFire   . . .      SeeInvis +   a - +1 flail
rCold   . . .      Faith    .   c - +0 buckler
rNeg    + . .      Spirit   .   b - +0 scale mail
rPois   ∞          Reflect  .   n - +2 helmet
rElec   +          Harm     .   h - scarf {shadows}
rCorr   .          Rampage  .   i - +1 pair of gloves
Will    .....                   (no boots)
Stlth   ..........              (no amulet)
HPRegen 0.13/turn               j - ring of see invisible
MPRegen 0.10/turn               (no ring)

@: no status effects
A: sickness immunity, AC +4, negative energy resistance 1, electricity
resistance, torment resistance 1, petrification resistance
a: no special abilities


You were on level 4 of the Dungeon.
You visited 1 branch of the dungeon, and saw 4 of its levels.

You collected 100 gold pieces.

Inventory:

Hand Weapons
 a - a +1 flail (weapon)
Armour
 b - a +0 scale mail (worn)
 c - a +0 buckler (worn)
 h - a scarf of shadows (worn)
 i - a +1 pair of gloves (worn)
 n - a +2 helmet (worn)
Jewellery
 j - a ring of see invisible (left hand)
Scrolls
 e - a scroll of teleportation
 l - a scroll of identify
Potions
 d - 2 potions of might
 f - 3 potions of heal wounds {unknown}
 g - a potion of cancellation
 k - a potion of ambrosia {unknown}
 p - a potion of haste {unknown}


   Skills:
 * Level 5.1 Fighting
 + Level 3.1 Maces & Flails
 + Level 4.3 Armour
 + Level 4.3 Shields


You had 5 spell levels left.
You didn't know any spells.
Your spell library contained the following spells:

 Spells                   Type           Power      Damage    Failure   Level
 Beastly Appendage        Tmut           0%         N/A       83%         1
 Foxfire                  Conj/Fire      0%         2x1d4     83%         1
 Wereblood                Tmut           0%         N/A       93%         2
 Conjure Flame            Conj/Fire      0%         6-21      99%         3
 Inner Flame              Hex/Fire       0%         N/A       99%         3
 Spider Form              Tmut/Pois      0%         N/A       99%         3
 Flame Wave               Conj/Fire      0%         2d4       100%        4


Dungeon Overview and Level Annotations

Branches:
Dungeon (4/15)
 Temple: D:4-7

Altars:


Innate Abilities, Weirdness & Mutations

You are immune to sickness and miasma.
Your stone body is resilient. (AC +4)
You are immune to poison.
You resist negative energy. (rN+)
You are resistant to electric shocks. (rElec)
You are resistant to unholy torment.
You are immune to petrification.


Message History

You kill the hobgoblin!
You closely miss the hobgoblin. The hobgoblin completely misses you.
You closely miss the hobgoblin. The hobgoblin barely misses you.
The hobgoblin hits you but does no damage.
You hit the hobgoblin.
The hobgoblin is severely wounded.
The hobgoblin hits you but does no damage.
You thump the hobgoblin!
You kill the hobgoblin!
You sock the orc!
You kill the orc!
You block the hornet zombie's attack.
You hit the hornet zombie.
The hornet zombie is lightly damaged.
The hornet zombie hits you but does no damage.
You hit the hornet zombie.
The hornet zombie is lightly damaged.
The hornet zombie barely misses you. The hornet zombie hits you!
* * * LOW HITPOINT WARNING * * *
You sock the hornet zombie!
The hornet zombie is moderately damaged.
The hornet zombie hits you but does no damage.
The hornet zombie hits you.
* * * LOW HITPOINT WARNING * * *
You hit the hornet zombie.
The hornet zombie is moderately damaged.
The hornet zombie hits you.
* * * LOW HITPOINT WARNING * * *
The hornet zombie hits you but does no damage.
You sock the hornet zombie!
The hornet zombie is severely damaged.
The hornet zombie closely misses you.
You hit the hornet zombie.
The hornet zombie is severely damaged.
The hornet zombie closely misses you.
The hornet zombie hits you but does no damage.
You sock the hornet zombie!
The hornet zombie is almost destroyed.
The hornet zombie hits you!
You die...

,,,,,,,,,*###...))..#
,,,,,,,,,*#.........#
,,,,,,,,,*#.#.......#
*,*,***#,**,#.......#
*,,,*###.,,,#......##
*,,,,,...#######...#
,***,###....#.....##
,* *,....$o.#.###.#
,***,***#Z..#..Z@.#
,,,,** ###...#####
*,*** ##### *,*
*,*************
*,,,,,,,,,,,,,*
*************,* *,*
*,***


You could see a hornet zombie.

Vanquished Creatures
  A scorpion (D:4)
  Jessica (D:3)
  Robin (D:3)
  5 adders (D:2)
  An adder skeleton (D:2)
  A worm (D:2)
  A dart slug (D:2)
  3 orcs (D:4)
  6 ball pythons
  6 endoplasms
  13 goblins
  10 hobgoblins
  A jackal (D:4)
  4 quokkas
  5 bats
  5 frilled lizards (D:1)
  7 kobolds
  5 rats
76 creatures vanquished.

Notes
Turn   | Place    | Note
-------+----------+-------------------------------------------
     0 | D:1      | vineage the Gargoyle Fighter began the quest for the Orb.
     0 | D:1      | Reached XP level 1. HP: 14/14 MP: 1/1
   255 | D:1      | Reached XP level 2. HP: 10/19 MP: 2/2
  1041 | D:2      | Reached XP level 3. HP: 23/24 MP: 3/3
  1074 | D:2      | Reached skill level 4 in Fighting
  1474 | D:2      | Reached XP level 4. HP: 22/29 MP: 4/4
  1734 | D:2      | Found a faded altar of an unknown god.
  2171 | D:3      | Noticed Jessica
  2175 | D:3      | Killed Jessica
  2176 | D:3      | Reached XP level 5. HP: 32/34 MP: 5/5
  2222 | D:3      | Noticed Robin
  2241 | D:3      | Killed Robin
  2933 | D:4      | Reached skill level 5 in Fighting
  2933 | D:4      | Reached XP level 6. HP: 20/40 MP: 6/6
  2946 | D:4      | Slain by a hornet zombie

Illustrated notes

Levels and vault maps discovered:
D:1:      nagdon_arrival_double_spiral, layout_rooms
D:2:      layout_loops_cross, hellmonk_ecumenical_altar_zigzags,
          grunt_ministairs_1, bh_walls_and_bars
D:3:      layout_rooms, corexii_leaking_fountain, uniq_robin, uniq_jessica
D:4:      layout_loops_ring, gup_sewer_entry_pipe

Skill      XL: |  1  2  3  4  5 |
---------------+----------------+-----
Fighting       | 4 5 |  5.1
Armour         | 4 |  4.3
Shields        | 4 |  4.3
Maces & Flails | 3 |  3.1

Action                   |  1- 3 |  4- 6 || total
-------------------------+-------+-------++-------
Melee: Flail             |   127 |   120 ||   247
  Use: Scroll            |     4 |     5 ||     9
Armor: Scale mail        |    76 |    87 ||   163
Dodge: Dodged            |    67 |    63 ||   130
Block: Buckler           |    37 |    33 ||    70

Table legend: (Time is in decaauts)
 A = Elapsed time spent in this place.
 B = Non-inter-level travel time spent in this place.
 C = Inter-level travel time spent in this place.
 D = Time resting spent in this place.
 E = Time spent auto-exploring this place.
 F = Levels seen in this place.
 G = Mean time per level.
                   A        B        C        D        E       F      G
               +--------+--------+--------+--------+--------+-----+--------+
         Total |   3099 |   2926 |    173 |    333 |   2054 |   4 |  774.8 |
       Dungeon |   3099 |   2926 |    173 |    333 |   2054 |   4 |  774.8 |
               +--------+--------+--------+--------+--------+-----+--------+

Top non-repeatable levels by time:
     D:1: 1105 daAuts
     D:2: 1024 daAuts
     D:3: 875 daAuts
     D:4: 94 daAuts
